Map: Automaton LE

Players

Smileblind

  • Race: Zerg Zerg
  • League: Silver
  • Spawn Location: 3:00

A.I. 1 (Harder) - Winner!

  • Race: Protoss Protoss
  • Spawn Location: 9:00

VOD

Have the link to the VOD?

Description

Time

  • Played on: Jan. 15, 2019, 7:18 p.m.
  • Length: 23:42
Show
View Real Time Build Order
Export as new Build Order

Smileblind Zerg 

Build Orders: Pool First, Lurkers 

Get SALT Encoding   

  12  0:10  Overlord  
  12  0:31  Spawning Pool  
  11  0:38  Drone x2  
  13  0:45  Extractor  
  13  0:49  Extractor  
  11  0:56  Drone  
  11  0:57  Drone  
  13  1:03  Drone  
  14  1:18  Drone  
  15  1:20  Queen  
  17  1:27  Drone  
  18  1:34  Drone  
  19  1:58  Drone x2  
  21  2:04  Lair  
  21  2:11  Overlord  
  21  2:39  Hatchery  
  20  2:51  Drone  
  20  2:52  Spine Crawler  
  20  2:57  Drone  
  21  3:01  Drone  
  23  3:05  Drone  
  23  3:10  Drone  
  24  3:28  Hydralisk Den  
  24  3:33  Evolution Chamber, Drone x2  
  24  3:40  Overlord  
  24  3:52  Queen  
  26  4:02  Queen  
  28  4:07  Drone  
  29  4:10  Drone  
  30  4:19  Hydralisk  
  30  4:23  Zergling x4  
  34  4:30  Grooved Spines  
  34  4:39  Drone  
  34  4:40  Spine Crawler  
  34  4:42  Drone  
  35  4:46  Drone  
  36  4:55  Queen  
  38  5:03  Drone x2  
  40  5:15  Zerg Melee Weapons Level 1  
  40  5:25  Hydralisk  
  40  5:27  Hydralisk  
  44  5:33  Overlord  
  44  5:38  Overlord  
  44  5:41  Muscular Augments  
  44  5:45  Overlord  
  44  5:57  Hydralisk x3  
  44  6:02  Hydralisk  
  52  6:12  Lurker Den  
  52  6:15  Hydralisk  
  52  6:18  Drone  
  54  6:34  Spine Crawler  
  53  6:46  Spine Crawler  
  32  7:03  Hydralisk x4  
  32  7:04  Hydralisk x2  
  42  7:09  Zerg Missile Weapons Level 1  
  42  7:12  Hydralisk  
  42  7:14  Spine Crawler, Zergling x2  
  42  7:15  Zergling x2  
  45  7:17  Zergling x2  
  46  7:23  Hydralisk  
  46  7:27  Zergling x2  
  49  7:33  Zergling x2  
  38  7:52  Hydralisk x3  
  38  7:57  Lurker x3  
  47  8:00  Lurker  
  48  8:07  Queen  
  48  8:10  Drone  
  51  8:13  Drone  
  51  8:16  Drone  
  53  8:26  Drone x2  
  55  8:32  Hydralisk  
  55  8:33  Hydralisk  
  59  8:42  Drone x3  
  62  8:50  Drone x3  
  62  8:51  Drone  
  66  8:59  Lair  
  66  9:03  Drone x2  
  68  9:12  Overlord  
  68  9:13  Overlord x2  
  68  9:26  Spire  
  67  9:35  Spore Crawler  
  67  9:37  Extractor, Drone  
  67  9:38  Drone x3  
  69  9:44  Drone  
  69  9:45  Drone x5  
  75  9:51  Overlord  
  75  10:04  Extractor  
  74  10:09  Spore Crawler  
  74  10:13  Spine Crawler  
  72  10:17  Nydus Network  
  71  10:24  Spine Crawler  
  71  10:27  Spore Crawler  
  69  10:32  Drone x2  
  69  10:33  Drone x4  
  75  10:42  Queen  
  77  10:47  Hatchery  
  77  10:49  Zerg Flyer Weapons Level 1  
  67  11:11  Hydralisk x3  
  67  11:12  Hydralisk x2  
  67  11:17  Queen  
  79  11:29  Overlord  
  79  11:35  Nydus Canal  
  79  11:42  Overseer  
  79  11:54  Burrow  
  79  12:05  Queen  
  81  12:09  Drone  
  82  12:16  Hydralisk x6  
  82  12:17  Hydralisk x2  
  98  12:31  Lurker  
  98  12:32  Lurker  
  98  12:35  Drone x2  
  98  12:36  Drone  
  103  12:42  Overlord x3  
  103  12:50  Zerg Melee Weapons Level 2  
  103  13:01  Spore Crawler  
  103  13:05  Spore Crawler  
  101  13:10  Drone x2, Spore Crawler  
  102  13:17  Lurker x3  
  102  13:18  Lurker x4  
  109  13:25  Lurker  
  110  13:29  Drone x4  
  110  13:30  Drone  
  115  13:59  Hydralisk x3  
  115  14:00  Hydralisk x4  
  115  14:01  Hydralisk  
  131  14:46  Nydus Canal  
  131  15:05  Zerg Missile Weapons Level 2  
  121  15:26  Hydralisk  
  121  15:27  Hydralisk x6  
  121  15:28  Hydralisk x2  
  119  15:40  Mutalisk  
  98  16:16  Hatchery  
  98  16:18  Drone x3  
  100  16:37  Spine Crawler  
  99  16:43  Nydus Canal  
  99  16:49  Hydralisk x2  
  103  17:02  Spine Crawler  
  103  17:06  Spore Crawler  
  101  17:11  Spine Crawler  
  85  17:55  Hydralisk x4  
  85  17:56  Hydralisk x6  
  105  18:05  Zerg Ground Armor Level 1  
  101  18:08  Hydralisk x6  
  101  18:09  Hydralisk x6  
  101  18:10  Hydralisk  
  127  18:15  Mutalisk  
  129  18:25  Overlord  
  129  18:26  Overlord  
  63  19:36  Hydralisk x3  
  67  19:40  Mutalisk x3  
  67  19:42  Zerg Flyer Weapons Level 2  
  67  19:44  Queen  
  75  19:54  Mutalisk x3  
  81  20:00  Hydralisk  
  83  20:07  Extractor  
  83  20:11  Drone  
  83  20:12  Drone x6  
  83  20:13  Drone x3, Extractor  
  91  20:20  Queen  
  93  20:30  Lurker x2  
  93  20:31  Lurker  
  96  20:38  Mutalisk  
  98  20:52  Corruptor  
  98  20:56  Queen  
  102  20:58  Corruptor  
  102  21:02  Hydralisk  
  106  21:10  Hydralisk x2  
  110  21:24  Mutalisk  
  110  21:25  Mutalisk  
  114  21:28  Hydralisk  
  114  21:29  Zergling x2  
  114  21:30  Zergling x6  
  114  21:31  Queen  
  122  21:39  Mutalisk  
  122  21:40  Mutalisk  
  122  21:46  Mutalisk  
  126  21:50  Overlord x2  
  126  21:53  Metabolic Boost  
  128  22:07  Infestation Pit  
  127  22:14  Mutalisk x2  
  50  23:08  Mutalisk x5  
  50  23:09  Mutalisk  
Show
View Real Time Build Order
Export as new Build Order

A.I. 1 (Harder) Protoss - Winner!

Build Orders:  

Get SALT Encoding   

  12  0:00  Probe  
  13  0:13  Probe  
  14  0:21  Pylon  
  14  0:25  Probe  
  15  0:35  Probe  
  16  0:43  Gateway, Probe  
  17  0:50  Assimilator  
  17  0:52  Probe  
  18  1:00  Probe  
  18  1:02  Pylon  
  19  1:23  Probe  
  20  1:30  Zealot  
  22  1:33  Cybernetics Core  
  22  1:45  Gateway  
  22  1:49  Assimilator  
  22  1:57  Adept  
  22  2:04  Pylon  
  24  2:26  Stalker  
  26  2:30  Adept  
  28  2:42  Warp Gate  
  28  2:44  Pylon  
  28  2:49  Stalker  
  30  3:00  Zealot  
  32  3:13  Adept  
  34  3:22  Pylon  
  34  3:24  Adept  
  36  3:43  Stalker, Probe  
  39  3:54  Stalker  
  41  3:55  Probe  
  42  4:04  Probe, Pylon  
  43  4:10  Adept  
  43  4:12  Probe  
  46  4:17  Forge  
  46  4:22  Adept, Probe  
  49  4:34  Probe  
  50  4:46  Probe  
  50  4:48  Zealot  
  53  4:58  Probe  
  54  5:36  Protoss Ground Weapons Level 1  
  54  5:55  Sentry  
  56  5:57  Gateway  
  56  5:59  Photon Cannon  
  56  6:01  Photon Cannon  
  56  6:03  Nexus, Pylon, Zealot  
  58  6:18  Stalker  
  60  6:23  Pylon  
  60  6:26  Stalker  
  60  6:30  Robotics Facility  
  62  6:40  Stalker  
  64  6:49  Sentry  
  62  6:57  Twilight Council  
  62  6:58  Stalker  
  56  7:06  Zealot  
  58  7:15  Probe, Zealot  
  60  7:18  Observer  
  60  7:19  Probe  
  60  7:20  Protoss Ground Armor Level 1  
  63  7:23  Zealot  
  63  7:28  Probe  
  64  7:31  Probe  
  64  7:34  Blink  
  64  7:36  Stalker  
  67  7:40  Observer, Probe  
  67  7:43  Probe  
  70  7:45  Pylon  
  70  7:50  Adept  
  62  7:52  Probe  
  62  7:55  Probe  
  62  7:59  Stalker  
  62  8:04  Probe  
  65  8:07  Stalker, Probe  
  68  8:16  Stalker, Probe  
  68  8:19  Probe  
  72  8:25  Adept, Pylon  
  74  8:28  Probe  
  74  8:31  Probe  
  76  8:34  Stargate  
  76  8:40  Probe  
  77  8:42  Forge  
  77  8:43  Probe  
  78  8:49  Photon Cannon  
  78  8:52  Probe  
  79  8:55  Photon Cannon  
  79  8:56  Probe  
  80  9:04  Probe  
  80  9:08  Probe  
  82  9:14  Probe  
  83  9:17  Probe  
  84  9:24  Assimilator  
  84  9:28  Assimilator  
  84  9:47  Probe x2  
  86  9:59  Probe x2  
  88  10:02  Void Ray  
  88  10:04  Warp Prism  
  88  10:11  Probe  
  95  10:16  Gateway  
  95  10:19  Robotics Facility  
  95  10:22  Stargate  
  95  10:26  Templar Archives  
  95  10:31  Robotics Bay  
  95  10:37  Pylon  
  95  10:38  Observer  
  96  10:44  Void Ray  
  100  10:56  Warp Prism  
  100  10:57  Probe  
  100  10:58  Pylon  
  100  11:01  Warp Prism  
  100  11:02  Zealot  
  91  11:09  Gateway  
  91  11:10  Zealot  
  93  11:18  High Templar  
  95  11:19  Stargate  
  95  11:26  Sentry  
  97  11:33  Observer  
  97  11:34  Stalker  
  99  11:42  Sentry  
  101  11:49  Colossus  
  107  11:58  High Templar  
  109  12:01  Pylon  
  109  12:06  Archon  
  109  12:11  Fleet Beacon  
  109  12:19  High Templar  
  111  12:26  Pylon  
  111  12:34  High Templar  
  113  12:42  Archon  
  113  12:47  Carrier  
  119  13:00  Protoss Ground Weapons Level 2  
  119  13:13  Protoss Ground Armor Level 2  
  119  14:07  Gravitic Boosters  
  119  14:25  Protoss Air Weapons Level 1, Zealot  
  121  14:39  Disruptor  
  121  14:40  Void Ray  
  121  14:42  Void Ray  
  124  14:49  Immortal  
  124  14:50  Pylon  
  128  15:05  Gravitic Drive, Adept  
  130  15:12  Pylon, Disruptor  
  130  15:21  Zealot  
  129  15:25  Zealot  
  121  15:29  Zealot  
  121  15:34  Carrier  
  123  15:38  Disruptor  
  123  15:41  Protoss Shields Level 1, Disruptor  
  113  16:14  Immortal, Sentry  
  119  16:18  Stalker  
  119  16:23  Stalker  
  123  16:27  Stalker  
  125  16:37  Sentry  
  127  16:41  Adept  
  129  16:54  Protoss Air Armor Level 1  
  129  17:12  Protoss Ground Weapons Level 3  
  129  17:29  Protoss Ground Armor Level 3  
  129  17:37  Stalker  
  129  17:41  Stalker  
  129  18:00  Colossus  
  135  18:10  Void Ray  
  139  18:30  Colossus  
  139  18:33  Pylon  
  145  18:34  Extended Thermal Lance  
  145  18:39  Probe  
  139  19:26  Void Ray  
  134  19:32  Observer  
  135  19:38  Protoss Shields Level 2  
  135  19:46  Void Ray  
  139  20:04  Carrier  
  145  20:32  Protoss Air Weapons Level 2  
  145  21:45  Void Ray  
  145  21:48  Void Ray  
  145  21:51  Void Ray  
  145  21:52  Dark Shrine  
  145  22:17  Stalker  
  145  22:22  Adept, Carrier  
  145  22:26  Zealot  
  137  22:35  Zealot  
  141  22:39  Zealot  
  141  22:43  Zealot  
  145  23:08  Adept  
  145  23:36  Stalker  
Tags
 
Composition
Lurkers
League
Silver
Matchup
PvZ
Opening
Pool First
Spawn Locations
Cross Positions
Add a new tag
Caveats
  • Supply blocks, unpowered buildings, or Contaminate may cause inaccurate times.
  • Supply counts are checked every 10 seconds.